 Dungeon Crawl Stone Soup version 0.25-a0-189-gf71692caf1 (webtiles) character file.

Game seed: 12168808798864517029, levelgen mode: classic

25 EnegeticOcto the Skirmisher (level 2, 0/24 HPs)
             Began as a Mummy Berserker on Nov 29, 2019.
             Was a Follower of Trog.
             Slain by a jackal (2 damage)
             ... on level 2 of the Dungeon.
             The game lasted 00:00:46 (650 turns).

EnegeticOcto the Skirmisher (Mummy Berserker)        Turns: 650, Time: 00:00:47

Health: 0/24       AC:  2    Str: 20    XL:     2   Next: 82%
Magic:  2/2        EV: 12    Int:  6    God:    Trog [*.....]
Gold:   30         SH:  0    Dex: 11    Spells: 1/1 levels left

rFire    x . .     SeeInvis .   a - +0 falchion
rCold    + . .     Gourm    .   (no shield)
rNeg     + + +     Faith    .   b - +0 animal skin
rPois    ∞         Spirit   .   (no helmet)
rElec    .         Reflect  .   (no cloak)
rCorr    .         Harm     .   (no gloves)
MR       .....                  (no boots)
Stlth    +.........             (no amulet)
HPRegen  0.08/turn              (no ring)
MPRegen  0.08/turn              (no ring)

@: no status effects
A: no food or potions, fire vulnerability, cold resistance 1, negative energy
resistance 3, torment resistance, unbreathing
a: Renounce Religion


You were on level 2 of the Dungeon.
You worshipped Trog.
Trog was aware of your devotion.
You were not hungry.

You visited 1 branch of the dungeon, and saw 2 of its levels.

You collected 30 gold pieces.

Inventory:

Hand Weapons
 a - a +0 falchion (weapon)
Missiles
 d - 13 poisoned darts (quivered)
 e - 17 bolts
Armour
 b - a +0 animal skin (worn)
Scrolls
 c - a scroll of teleportation {unknown}
 f - a scroll of magic mapping {@r5 !r}
 g - a scroll of enchant weapon
 h - a scroll of random uselessness {unknown}


   Skills:
 + Level 3.3 Fighting
 * Level 3.1 Long Blades
 - Level 1.5 Armour
 - Level 1.5 Dodging


You had one spell level left.
You didn't know any spells.
Your spell library was empty.

Dungeon Overview and Level Annotations

Branches:
Dungeon (2/15)

Altars:


Innate Abilities, Weirdness & Mutations

You do not eat or drink.
Your flesh is vulnerable to fire.
You are immune to poison.
Your flesh is cold resistant. (rC+)
You are immune to negative energy. (rN+++)
You are immune to unholy pain and torment.
You can survive without breathing.


Message History

A hobgoblin is nearby!
A hobgoblin is nearby!
A frilled lizard comes into view.
A dart slug comes into view.
The frilled lizard moves out of view.
Found 12 gold pieces.
A jackal comes into view.
The hobgoblin hits you with a +0 club.
The jackal barks!
You slash the hobgoblin!
You kill the hobgoblin!
Trog accepts your kill.
You hear an angry hiss.
You hear a bark!
The frilled lizard hisses angrily.
A bat comes into view.
The jackal bites you.
The bat moves out of view.
Things that are here:
a +0 club; a hobgoblin corpse You closely miss the jackal.
The jackal barely misses you.
A jackal comes into view.
The jackal closely misses you.
You riposte.
You hit the jackal.
The jackal is severely wounded.
The dart slug bites you.
You closely miss the jackal.
The jackal is severely wounded.
The jackal bites you.
You closely miss the jackal.
The jackal is severely wounded.
The bat closely misses you. The jackal bites you. The dart slug bites you.
The jackal barely misses you.
You riposte.
You barely miss the jackal.
The jackal is severely wounded.
You are too injured to fight recklessly!
You are too injured to fight recklessly!
You are too injured to fight recklessly!
You are too injured to fight recklessly!
You are too injured to fight recklessly!
You are too injured to fight recklessly!
You are too injured to fight recklessly!
You are too injured to fight recklessly!
You are too injured to fight recklessly!
You are too injured to fight recklessly!
You are too injured to fight recklessly!
You are too injured to fight recklessly!
You are too injured to fight recklessly!
You are too injured to fight recklessly!
You are too injured to fight recklessly!
You are too injured to fight recklessly!
You are too injured to fight recklessly!
The bat closely misses you. The bat barely misses you.
You open the door.
A hobgoblin comes into view.
The hobgoblin shouts!
The bat closely misses you.
You riposte.
You hit the bat.
You kill the bat!
Trog accepts your kill. The jackal closely misses you.
There is an open door here.
You closely miss the jackal.
The jackal is severely wounded.
The jackal barely misses you.
You hit the hobgoblin but do no damage. The jackal bites you.
The hobgoblin misses you.
You riposte.
You hit the hobgoblin.
The hobgoblin is moderately wounded.
The jackal bites you but does no damage.
The hobgoblin misses you.
You riposte.
You closely miss the hobgoblin.
The hobgoblin is moderately wounded.
You closely miss the hobgoblin.
The hobgoblin is moderately wounded.
The jackal misses you. The hobgoblin misses you.
You closely miss the hobgoblin.
The hobgoblin is moderately wounded.
The jackal bites you. x2; The hobgoblin hits you.
* * * LOW HITPOINT WARNING * * *
You completely miss the hobgoblin.
The hobgoblin is moderately wounded.
The jackal closely misses you. The hobgoblin closely misses you.
The jackal barely misses you.
You hit the jackal.
You kill the jackal!
Trog accepts your kill. The hobgoblin barely misses you.
You completely miss the hobgoblin.
The hobgoblin is moderately wounded.
The jackal closely misses you. The hobgoblin barely misses you.
The jackal bites you.
* * * LOW HITPOINT WARNING * * *
You hit the hobgoblin.
You kill the hobgoblin!
Trog accepts your kill. The jackal bites you.
* * * LOW HITPOINT WARNING * * *
The jackal closely misses you.
You hit the jackal but do no damage.
The jackal bites you but does no damage.
The jackal closely misses you.
You barely miss the jackal. The jackal barely misses you.
You closely miss the jackal. The jackal barely misses you.
The jackal misses you.
You hit the jackal but do no damage. The jackal bites you.
You die...

#...............
########..............<
#................#.....
+#..........<)..........
.............######+###+
.......##.........†))...
....... #.#######.......
.......##†............w.
......†@hl..............
.......##w..............
....... #)..............
....... #...............
.....#. .........
.........$.....## ....
...$......+ ....
..........#
...#.........


You could see a dart slug, a jackal and a frilled lizard.

Vanquished Creatures
  A dart slug (D:2)
  3 bats
  2 giant cockroaches (D:1)
  2 goblins
  6 hobgoblins (D:2)
  A jackal (D:2)
  2 ball pythons
  3 rats (D:1)
20 creatures vanquished.

Notes
Turn   | Place    | Note
-------+----------+-------------------------------------------
     0 | D:1      | EnegeticOcto the Mummy Berserker began the quest for the
                  | Orb.
     0 | D:1      | Reached XP level 1. HP: 18/18 MP: 1/1
   233 | D:1      | Reached XP level 2. HP: 24/24 MP: 2/2
   646 | D:2      | HP: 1/24 [jackal (2)]
   650 | D:2      | Slain by a jackal

Levels and vault maps discovered:
D:1:      dpeg_arrival_rooms_c, layout_rooms, hex_tiny
D:2:      layout_basic, first_ration, minmay_indecisive_spiral, uniq_sigmund

Skill      XL: |  1  2 |
---------------+-------+-----
Long Blades    | 3 |  3.1
Fighting       | |  3.3
Armour         | |  1.5
Dodging        | |  1.5

Action                   || total
-------------------------++-------
Melee: Falchion          ||    58
  Use: Scroll            ||     2
Armor: Animal skin       ||     9
Dodge: Dodged            ||    45
       Rpst.: Falchion   ||     8

Table legend:
 A = Non-vault XP
 B = Vault XP
 C = Vault XP percentage of total XP
 D = Non-vault monster count
 E = Vault monster count
 F = Vault count percentage of total count
                 A         B        C        D         E       F
            +---------+---------+-------+---------+---------+-------
      Total |      36 |       0 |   0.0 |      20 |       0 |   0.0
            +---------+---------+-------+---------+---------+-------
        D:1 |      13 |       0 |   0.0 |       9 |       0 |   0.0
        D:2 |      23 |       0 |   0.0 |      11 |       0 |   0.0
            +---------+---------+-------+---------+---------+-------
